 Dungeon Crawl Stone Soup version 0.30-a0-371-gad7725a93e (webtiles) character file.

Game seed: 11175834769229297739

87 arthad the Grasshopper (level 4, -4/38 HPs)
             Began as a Gnoll Warper on Nov 20, 2022.
             Killed by divine providence
             ... invoked by an orc priest
              (12 damage)
             ... on level 3 of the Dungeon.
             The game lasted 00:05:07 (1788 turns).

arthad the Grasshopper (Gnoll Warper)               Turns: 1788, Time: 00:05:08

Health: -4/38      AC:  4    Str: 10    XL:     4   Next: 51%
Magic:  2/10       EV: 14    Int: 14    God:
Gold:   49         SH:  0    Dex: 18    Spells: 2/13 levels left

rFire   . . .      SeeInvis .    a - +0 hand axe
rCold   . . .      Faith    .    (no shield)
rNeg    . . .      Spirit   .    b - +0 leather armour
rPois   +          Reflect  .    (no helmet)
rElec   .          Harm     .    (no cloak)
rCorr   .          Rampage  .    i - +0 pair of gloves
Will    .....                    (no boots)
Stlth   ++........               (no amulet)
HPRegen 0.26/turn                e - +6 ring of dexterity
MPRegen 0.12/turn                g - ring of poison resistance

@: brilliant, attractive, very slightly contaminated
A: fangs 1, strong nose, distributed training, low MP 1
a: no special abilities


You were on level 3 of the Dungeon.
You visited 1 branch of the dungeon, and saw 3 of its levels.

You collected 49 gold pieces.

Inventory:

Hand Weapons
 a - a +0 hand axe (weapon)
 h - a +1 dagger of speed
Missiles
 d - 7 boomerangs of dispersal (quivered)
 t - 3 poisoned darts
Armour
 b - a +0 leather armour (worn)
 i - a +0 pair of gloves (worn)
Magical Staves
 o - a staff of cold
Jewellery
 e - a +6 ring of dexterity (left hand)
 g - a ring of poison resistance (right hand)
 w - a ring of resist corrosion
Scrolls
 j - a scroll of magic mapping
 m - a scroll of teleportation {unknown}
 p - 2 scrolls of enchant weapon {unknown}
 q - a scroll of vulnerability {unknown}
 s - a scroll of torment {unknown}
 u - a scroll of immolation {unknown}
 v - a scroll of amnesia {unknown}
Potions
 f - a potion of brilliance
 l - a potion of curing
 r - a potion of mutation


   Skills:
 + Level 4.7 Fighting
 + Level 1.2 Short Blades
 + Level 1.2 Long Blades
 + Level 4.7 Axes
 + Level 1.2 Maces & Flails
 + Level 1.2 Polearms
 + Level 1.2 Staves
 + Level 1.2 Ranged Weapons
 + Level 2.8 Throwing
 + Level 2.8 Armour
 + Level 4.7 Dodging
 + Level 1.2 Stealth
 + Level 1.2 Shields
 + Level 1.2 Unarmed Combat
 + Level 5.1 Spellcasting
 + Level 1.0 Conjurations
 + Level 1.0 Hexes
 + Level 1.0 Summonings
 + Level 1.0 Necromancy
 + Level 5.5 Translocations
 + Level 1.0 Transmutations
 + Level 1.0 Fire Magic
 + Level 1.0 Ice Magic
 + Level 1.0 Air Magic
 + Level 1.0 Earth Magic
 + Level 1.0 Poison Magic
 + Level 1.3 Invocations
 + Level 1.2 Evocations


You had 2 spell levels left.
You knew the following spells:

 Your Spells              Type           Power      Damage    Failure   Level
a - Blink                 Tloc           56%        N/A       3%          2
b - Lesser Beckoning      Tloc           56%        N/A       7%          3
c - Teleport Other        Tloc           28%        N/A       7%          3
d - Vhi's Electric Charg  Tloc/Air       38%        N/A       19%         3

Your spell library contained the following spells:

 Spells                   Type           Power      Damage    Failure   Level
 Apportation              Tloc           56%        N/A       2%          1
 Manifold Assault         Tloc           28%        N/A       24%         4
 Alistair's Intoxication  Tmut/Pois      6%         N/A       99%         5


Dungeon Overview and Level Annotations

Branches:
Dungeon (3/15)

Altars:


Innate Abilities, Weirdness & Mutations

You have very sharp teeth.
Your uncanny sense of smell can sniff out nearby items.
Your experience applies equally to all skills.
Your magical capacity is low. (-10% MP)


Message History

Confirm with . or Enter, or press ? or * to list all spells.
The spell is quite dangerous to miscast (19% risk of failure)!
Continue anyway?
Charge where?
Press: ? - help, Dir - move target, f/p - orc
Aim: an orc, wielding a +0 mace and wearing a +0 leather armour (lightly wounded)
You feel a surge of power!
You charge forward with an electric crackle!
You completely miss the orc.
The orc is lightly wounded.
You closely miss the bat. The bat closely misses you.
The orc barely misses you. The bat is attracted toward you.
Unknown command.
Unknown command.
You feel better. The bat barely misses you. x2
The orc priest mumbles some strange prayers to Beogh against you.
Beogh smites you!
* * * LOW HITPOINT WARNING * * *
The orc barely misses you.
Unknown command.
Blink to where?
Press: ? - help, Dir - move target, p - orc
As you read the scroll of blinking, it crumbles to dust.
The bat is attracted toward you. The orc wizard is attracted toward you.
The orc priest is attracted toward you. The rat is attracted toward you.
The orc is attracted toward you.
Casting: Vhi's Electric Charge (quite dangerous; 19% risk of failure)
Confirm with . or Enter, or press ? or * to list all spells.
You feel a surge of power!
You blink.
The bat closely misses you. The orc wizard is attracted toward you.
The bat is attracted toward you.
The orc wizard attacks as you move away!
The orc wizard hits you but does no damage.
You feel stable enough to blink again. The bat is attracted toward you.
The orc priest is attracted toward you.
Okay, then.
You aren't carrying any items that you can evoke.
As you read the scroll labelled ZURIRIDULA, it crumbles to dust.
You feel aware of your surroundings.
It was a scroll of magic mapping.
The orc priest calls down the wrath of Beogh upon you.
Beogh smites you!
You die...

#§####.......#
********#...$#.......#
,,,,,,,*#§.§.#.......# ######
,,,,,,,*#§o.?#.......# ##.....
,,,,,,,*#..§.#####.### #..###'
,,,,,..##[.or# #.# #.##.P.
,,,,,........# #.########.##PP.
,,,,,,,.##..§#####..........##PP.
,,,,,.......robo@.......######...
,,,,,...###########.....# ##..
,,,,,...................# ##.
******#.#####.#######'### #_
******#.#####.#######.###### ##.
,,,,,,.............†...>...# ##..
******#.#####.#######.#.##+###P..
,* *,* #.# #.#......#PP.
,******,****#.# ###.#......#...


You could see an orc priest, an orc wizard, a bat and a rat.

Vanquished Creatures
  3 adders
  3 worms
  3 dart slugs
  5 bats
  2 endoplasms (D:1)
  3 giant cockroaches
  4 goblins
  3 hobgoblins
  2 quokkas (D:2)
  6 ball pythons
  3 frilled lizards
  4 kobolds
  5 rats
46 creatures vanquished.

Vanquished Creatures (others)
  6 plants (D:3)
  9 withered plants (D:3)
15 creatures vanquished.

Grand Total: 61 creatures vanquished

Notes
Turn   | Place    | Note
-------+----------+-------------------------------------------
     0 | D:1      | arthad the Gnoll Warper began the quest for the Orb.
     0 | D:1      | Reached XP level 1. HP: 20/20 MP: 6/6
   156 | D:1      | Reached XP level 2. HP: 26/26 MP: 7/7
   594 | D:1      | Reached skill level 5 in Spellcasting
   594 | D:1      | Reached XP level 3. HP: 30/31 MP: 7/9
  1065 | D:2      | Reached skill level 1 in Invocations
  1072 | D:2      | Learned a level 2 spell: Blink
  1076 | D:2      | Learned a level 3 spell: Lesser Beckoning
  1080 | D:2      | Learned a level 3 spell: Teleport Other
  1084 | D:2      | Learned a level 3 spell: Vhi's Electric Charge
  1108 | D:2      | Reached skill level 1 in Short Blades
  1108 | D:2      | Reached skill level 1 in Long Blades
  1108 | D:2      | Reached skill level 1 in Maces & Flails
  1108 | D:2      | Reached skill level 1 in Polearms
  1108 | D:2      | Reached skill level 1 in Staves
  1108 | D:2      | Reached skill level 1 in Ranged Weapons
  1108 | D:2      | Reached skill level 1 in Stealth
  1108 | D:2      | Reached skill level 1 in Shields
  1108 | D:2      | Reached skill level 1 in Unarmed Combat
  1108 | D:2      | Reached skill level 1 in Evocations
  1293 | D:2      | Reached XP level 4. HP: 21/38 MP: 11/11
  1617 | D:3      | Found a faded altar of an unknown god.
  1700 | D:3      | Reached skill level 1 in Conjurations
  1700 | D:3      | Reached skill level 1 in Hexes
  1700 | D:3      | Reached skill level 1 in Summonings
  1700 | D:3      | Reached skill level 1 in Necromancy
  1700 | D:3      | Reached skill level 1 in Transmutations
  1700 | D:3      | Reached skill level 1 in Fire Magic
  1700 | D:3      | Reached skill level 1 in Ice Magic
  1700 | D:3      | Reached skill level 1 in Air Magic
  1700 | D:3      | Reached skill level 1 in Earth Magic
  1700 | D:3      | Reached skill level 1 in Poison Magic
  1773 | D:3      | Gained mutation: Your magical capacity is low. (-10% MP)
                  | [potion of mutation]
  1788 | D:3      | Killed from afar by an orc priest

Illustrated notes

Levels and vault maps discovered:
D:1:      lightli_arrival_chessboard, layout_basic
D:2:      layout_rooms
D:3:      layout_basic, shapermc_ecumenical_altar_flowoftime, minivault_11,
          palyth_stone_intersect

Skill      XL: |  1  2  3  4 |
---------------+-------------+-----
Spellcasting   | 5 |  5.1
Invocations    | 1 |  1.3
Short Blades   | 1 |  1.2
Long Blades    | 1 |  1.2
Maces & Flails | 1 |  1.2
Polearms       | 1 |  1.2
Staves         | 1 |  1.2
Ranged Weapons | 1 |  1.2
Stealth        | 1 |  1.2
Shields        | 1 |  1.2
Unarmed Combat | 1 |  1.2
Evocations     | 1 |  1.2
Conjurations   | 1 |  1.0
Hexes          | 1 |  1.0
Summonings     | 1 |  1.0
Necromancy     | 1 |  1.0
Transmutations | 1 |  1.0
Fire Magic     | 1 |  1.0
Ice Magic      | 1 |  1.0
Air Magic      | 1 |  1.0
Earth Magic    | 1 |  1.0
Poison Magic   | 1 |  1.0
Fighting       | |  4.7
Axes           | |  4.7
Throwing       | |  2.8
Armour         | |  2.8
Dodging        | |  4.7
Translocations | |  5.5

Action                   |  1- 3 |  4- 6 || total
-------------------------+-------+-------++-------
Melee: Hand axe          |   131 |    62 ||   193
       Bite              |     9 |     8 ||    17
       Punch             |       |     1 ||     1
 Cast: Vhi's Electric Ch |       |     2 ||     2
       Blink             |       |     1 ||     1
  Use: Potion            |       |     7 ||     7
       Scroll            |       |     2 ||     2
Armor: Leather armour    |    34 |    16 ||    50
Dodge: Dodged            |    92 |    42 ||   134

Table legend: (Time is in decaauts)
 A = Elapsed time spent in this place.
 B = Non-inter-level travel time spent in this place.
 C = Inter-level travel time spent in this place.
 D = Time resting spent in this place.
 E = Time spent auto-exploring this place.
 F = Levels seen in this place.
 G = Mean time per level.
                   A        B        C        D        E       F      G
               +--------+--------+--------+--------+--------+-----+--------+
         Total |   1800 |   1765 |     35 |      0 |   1282 |   3 |  600.0 |
       Dungeon |   1800 |   1765 |     35 |      0 |   1282 |   3 |  600.0 |
               +--------+--------+--------+--------+--------+-----+--------+

Top non-repeatable levels by time:
     D:1: 947 daAuts
     D:2: 562 daAuts
     D:3: 290 daAuts
